| TOP OF THE 1ST |
|
Augusta GreenJackets batting - Pitching for Dayton Dragons : RHP Angel Cerros
|
|
Pitching: RHP Angel Cerros
|
|
|
Batting: RHB Bill Defazio
|
0-0: Called Strike 0-1: Ball 1-1: Ball 2-1: Foul Ball, location: 2F 2-2: Fly out, F9 (Flyball, 9, EV 92.5 MPH)
|
|
Batting: LHB Gil Caraveo
|
0-0: Called Strike 0-1: Foul Ball, location: 2F 0-2: Strikes out swinging
|
|
Batting: LHB Al Hernandez
|
0-0: Foul Ball, location: 2F 0-1: Ground out 4-3 (Groundball, 4, EV 103.8 MPH)
|
| Top of the 1st over - 0 runs, 0 hits, 0 errors, 0 left on base; Augusta 0 - Dayton 0 |
| BOTTOM OF THE 1ST |
|
Dayton Dragons batting - Pitching for Augusta GreenJackets : RHP Jim Sprayberry
|
|
Pitching: RHP Jim Sprayberry
|
|
|
Batting: RHB Danny Real
|
0-0: Called Strike 0-1: SINGLE (Line Drive, 6MD, EV 108.8 MPH)
|
|
Batting: RHB Randy Grewe
|
0-0: Ball Danny Real steals 2nd, throwing error, E2 Danny Real to third 1-0: Called Strike 1-1: Ball 2-1: Called Strike 2-2: Ball 3-2: Foul Ball, location: 2F 3-2: Base on Balls
|
|
Batting: RHB Mark Williams
|
0-0: Called Strike 0-1: Ball 1-1: Ball 2-1: Ball 3-1: Foul Ball, location: 2F 3-2: Base on Balls Randy Grewe to second
|
|
Batting: LHB Keith Egan
|
0-0: Ball 1-0: Swinging Strike 1-1: Foul Ball, location: 2F 1-2: Strikes out swinging
|
|
Batting: SHB Tim Utz
|
0-0: Ball 1-0: Foul Ball, location: 2F 1-1: Ball 2-1: Swinging Strike 2-2: Strikes out looking
|
|
Batting: RHB Frank Moron
|
0-0: Called Strike 0-1: Ball 1-1: Fly out, F9 (Line Drive, 9, EV 90.0 MPH)
|
| Bottom of the 1st over - 0 runs, 1 hit, 1 error, 3 left on base; Augusta 0 - Dayton 0 |
| TOP OF THE 2ND |
|
Augusta GreenJackets batting - Pitching for Dayton Dragons : RHP Angel Cerros
|
|
Batting: LHB J.P. Olson
|
0-0: Ball 1-0: Ball 2-0: Ball 3-0: Called Strike 3-1: Called Strike 3-2: Strikes out swinging
|
|
Batting: RHB Jonathan Reece
|
0-0: Ball 1-0: Ball 2-0: Ball 3-0: Base on Balls
|
|
Batting: LHB Gabe Velez
|
0-0: Ball Jonathan Reece steals 2nd base (no throw) 1-0: Foul Ball, location: 2F 1-1: Fly out, F8 (Flyball, 8RS, EV 81.2 MPH)
|
|
Batting: RHB Dinand Brouwer
|
0-0: Ground out 6-3 (Groundball, 6, EV 105.0 MPH)
|
| Top of the 2nd over - 0 runs, 0 hits, 0 errors, 1 left on base; Augusta 0 - Dayton 0 |
| BOTTOM OF THE 2ND |
|
Dayton Dragons batting - Pitching for Augusta GreenJackets : RHP Jim Sprayberry
|
|
Batting: RHB Kevin Larner
|
0-0: Ball 1-0: Foul Ball, location: 2F 1-1: Foul Ball, location: 2F 1-2: Ball 2-2: Strikes out swinging
|
|
Batting: LHB Fernando Gomez
|
0-0: Foul Ball, location: 2F 0-1: Ball 1-1: Foul Ball, location: 2F 1-2: SINGLE (Line Drive, 4M, EV 100.6 MPH)
|
|
Batting: RHB Juan Zamora
|
0-0: Swinging Strike 0-1: Called Strike 0-2: Ball 1-2: Foul Ball, location: 2F 1-2: Ball 2-2: Foul Ball, location: 2F 2-2: Foul Ball, location: 2F 2-2: Ball 3-2: Base on Balls Fernando Gomez to second
|
|
Batting: RHB Danny Real
|
0-0: Ball Fernando Gomez steals 3rd base 1-0: 3-RUN HOME RUN (Flyball, 78XD, EV 104.4 MPH), Distance : 395 ft
|
|
Batting: RHB Randy Grewe
|
0-0: Called Strike 0-1: Foul Ball, location: 2F 0-2: Foul Ball, location: 2F 0-2: Ball 1-2: Ball 2-2: Ground out U3 (Groundball, 3L, EV 83.1 MPH)
|
|
Batting: RHB Mark Williams
|
0-0: Ball 1-0: Called Strike 1-1: Called Strike 1-2: Strikes out swinging
|
| Bottom of the 2nd over - 3 runs, 2 hits, 0 errors, 0 left on base; Augusta 0 - Dayton 3 |
| TOP OF THE 3RD |
|
Augusta GreenJackets batting - Pitching for Dayton Dragons : RHP Angel Cerros
|
|
Batting: RHB Ian Richardson
|
0-0: Swinging Strike 0-1: Called Strike 0-2: Foul Ball, location: 2F 0-2: Ball 1-2: Ball 2-2: Ball 3-2: Fly out, F8 (Flyball, 78D, EV 102.5 MPH)
|
|
Batting: RHB Gabe Ochoa
|
0-0: Ball 1-0: Ball 2-0: Called Strike 2-1: Ground out 6-3 (Groundball, 6, EV 84.4 MPH)
|
|
Batting: RHB Bill Defazio
|
0-0: Called Strike 0-1: Foul Ball, location: 2F 0-2: Strikes out swinging
|
| Top of the 3rd over - 0 runs, 0 hits, 0 errors, 0 left on base; Augusta 0 - Dayton 3 |
| BOTTOM OF THE 3RD |
|
Dayton Dragons batting - Pitching for Augusta GreenJackets : RHP Jim Sprayberry
|
|
Batting: LHB Keith Egan
|
0-0: Ball 1-0: DOUBLE (Line Drive, 9LM, EV 103.8 MPH)
|
|
Batting: SHB Tim Utz
|
0-0: Ball 1-0: Swinging Strike 1-1: Called Strike 1-2: Strikes out swinging
|
|
Pitching: RHP Brian Yinger
|
|
|
Batting: RHB Frank Moron
|
0-0: Called Strike 0-1: Ball 1-1: Fly out, F7 (Line Drive, 7S, EV 97.5 MPH) Lined into DP, 7-4 (Line Drive, 7S, EV 97.5 MPH)
|
| Bottom of the 3rd over - 0 runs, 1 hit, 0 errors, 0 left on base; Augusta 0 - Dayton 3 |
| TOP OF THE 4TH |
|
Augusta GreenJackets batting - Pitching for Dayton Dragons : RHP Angel Cerros
|
|
Batting: LHB Gil Caraveo
|
0-0: Ground out 4-3 (Groundball, 4S, EV 61.9 MPH)
|
|
Batting: LHB Al Hernandez
|
0-0: Called Strike 0-1: Fly out, F9 (Flyball, 9, EV 98.1 MPH)
|
|
Batting: LHB J.P. Olson
|
0-0: Ball 1-0: Ball 2-0: Called Strike 2-1: Ball 3-1: Base on Balls
|
|
Batting: RHB Jonathan Reece
|
0-0: Ball 1-0: Fielders Choice at 2nd, 6-4 (Groundball, 6, EV 88.8 MPH)
|
| Top of the 4th over - 0 runs, 0 hits, 0 errors, 1 left on base; Augusta 0 - Dayton 3 |
| BOTTOM OF THE 4TH |
|
Dayton Dragons batting - Pitching for Augusta GreenJackets : RHP Brian Yinger
|
|
Batting: RHB Kevin Larner
|
0-0: Ball 1-0: SINGLE (Groundball, 6MD, EV 111.9 MPH)
|
|
Batting: LHB Fernando Gomez
|
0-0: Ball Kevin Larner is caught stealing 2nd base 2-6 1-0: Called Strike 1-1: Foul Ball, location: 2F 1-2: Ball 2-2: Foul Ball, location: 2F 2-2: Ball 3-2: Strikes out swinging
|
|
Batting: RHB Juan Zamora
|
0-0: Foul Ball, location: 2F 0-1: Ball 1-1: Foul Ball, location: 2F 1-2: Strikes out swinging
|
| Bottom of the 4th over - 0 runs, 1 hit, 0 errors, 0 left on base; Augusta 0 - Dayton 3 |
| TOP OF THE 5TH |
|
Augusta GreenJackets batting - Pitching for Dayton Dragons : RHP Angel Cerros
|
|
Batting: LHB Gabe Velez
|
0-0: Called Strike 0-1: Fly out, F8 (Flyball, 8RXD, EV 105.6 MPH)
|
|
Batting: RHB Dinand Brouwer
|
0-0: Ground out 6-3 (Groundball, 6S, EV 86.2 MPH)
|
|
Batting: RHB Ian Richardson
|
0-0: Fly out, F9 (Flyball, 89D, EV 86.9 MPH)
|
| Top of the 5th over - 0 runs, 0 hits, 0 errors, 0 left on base; Augusta 0 - Dayton 3 |
| BOTTOM OF THE 5TH |
|
Dayton Dragons batting - Pitching for Augusta GreenJackets : RHP Brian Yinger
|
|
Batting: RHB Danny Real
|
0-0: Called Strike 0-1: Fly out, F3 (Popup, 34, EV 55.6 MPH)
|
|
Batting: RHB Randy Grewe
|
0-0: Foul Ball, location: 2F 0-1: Called Strike 0-2: Ball 1-2: Fly out, F9 (Line Drive, 9D, EV 91.9 MPH)
|
|
Batting: RHB Mark Williams
|
0-0: Ball 1-0: Called Strike 1-1: Called Strike 1-2: SINGLE (Line Drive, 8RS, EV 109.4 MPH)
|
|
Batting: LHB Keith Egan
|
0-0: Ball 1-0: Called Strike 1-1: Foul Ball, location: 2F 1-2: SINGLE (Groundball, 4D, EV 105.6 MPH) Mark Williams to second Runner from 2nd tries for 3rd, SAFE, throw by RF made to third
|
|
Batting: SHB Tim Utz
|
0-0: Ball 1-0: Called Strike 1-1: Swinging Strike 1-2: Ball 2-2: Ball 3-2: Strikes out swinging
|
| Bottom of the 5th over - 0 runs, 2 hits, 0 errors, 2 left on base; Augusta 0 - Dayton 3 |
| TOP OF THE 6TH |
|
Augusta GreenJackets batting - Pitching for Dayton Dragons : RHP Angel Cerros
|
|
Batting: RHB Gabe Ochoa
|
0-0: Ball 1-0: Fly out, F6 (Line Drive, 6, EV 67.5 MPH)
|
|
Batting: RHB Bill Defazio
|
0-0: Ball 1-0: Ball 2-0: Ball 3-0: Called Strike 3-1: Swinging Strike 3-2: Strikes out swinging
|
|
Batting: LHB Gil Caraveo
|
0-0: Swinging Strike 0-1: Ball 1-1: Foul Ball, location: 2F 1-2: Ground out 4-3 (Groundball, 34D, EV 101.9 MPH)
|
| Top of the 6th over - 0 runs, 0 hits, 0 errors, 0 left on base; Augusta 0 - Dayton 3 |
| BOTTOM OF THE 6TH |
|
Dayton Dragons batting - Pitching for Augusta GreenJackets : RHP Brian Yinger
|
|
Batting: RHB Frank Moron
|
0-0: Swinging Strike 0-1: Ground out 6-3 (Groundball, 6S, EV 69.4 MPH)
|
|
Batting: RHB Kevin Larner
|
0-0: Ball 1-0: Ground out 6-3 (Groundball, 6, EV 76.9 MPH)
|
|
Batting: LHB Fernando Gomez
|
0-0: Ball 1-0: Ball 2-0: Ball 3-0: Called Strike 3-1: Base on Balls
|
|
Pitching: RHP Nate Heideman
|
|
|
Batting: RHB Juan Zamora
|
0-0: Called Strike Fernando Gomez is caught stealing 2nd base 2-4
|
| Bottom of the 6th over - 0 runs, 0 hits, 0 errors, 0 left on base; Augusta 0 - Dayton 3 |
| TOP OF THE 7TH |
|
Augusta GreenJackets batting - Pitching for Dayton Dragons : RHP Angel Cerros
|
|
Batting: LHB Al Hernandez
|
0-0: Called Strike 0-1: Swinging Strike 0-2: Ball 1-2: Ball 2-2: SINGLE (Groundball, 6MD, EV 107.5 MPH)
|
|
Batting: LHB J.P. Olson
|
0-0: Swinging Strike 0-1: Called Strike 0-2: Ball 1-2: Ball 2-2: Foul Ball, location: 2F 2-2: Ball 3-2: Fielders Choice at 2nd, 3-6 (Groundball, 34S, EV 87.5 MPH)
|
|
Batting: RHB Jonathan Reece
|
0-0: Ball J.P. Olson is caught stealing 2nd base 2-4 1-0: Fly out, F8 (Flyball, 78XD, EV 81.9 MPH)
|
| Top of the 7th over - 0 runs, 1 hit, 0 errors, 0 left on base; Augusta 0 - Dayton 3 |
| BOTTOM OF THE 7TH |
|
Dayton Dragons batting - Pitching for Augusta GreenJackets : RHP Nate Heideman
|
|
Batting: RHB Juan Zamora
|
0-0: Called Strike 0-1: Ball 1-1: Called Strike 1-2: Strikes out swinging
|
|
Batting: RHB Danny Real
|
0-0: Foul Ball, location: 2F 0-1: Ball 1-1: Ball 2-1: Swinging Strike 2-2: Ball 3-2: Strikes out swinging, 2-3 out at first.
|
|
Batting: RHB Randy Grewe
|
0-0: Ball 1-0: Called Strike 1-1: Ball 2-1: Ball 3-1: SINGLE (Flyball, 78S, EV 89.4 MPH)
|
|
Batting: RHB Mark Williams
|
0-0: Ball Randy Grewe steals 2nd base 1-0: Swinging Strike 1-1: Ball 2-1: Foul Ball, location: 2F 2-2: Foul Ball, location: 2F 2-2: Strikes out looking
|
| Bottom of the 7th over - 0 runs, 1 hit, 0 errors, 1 left on base; Augusta 0 - Dayton 3 |
| TOP OF THE 8TH |
|
Augusta GreenJackets batting - Pitching for Dayton Dragons : RHP Angel Cerros
|
|
Now at 2B: Yasusaburo Kuwahara
|
|
|
Batting: LHB Gabe Velez
|
0-0: Ball 1-0: Foul Ball, location: 2F 1-1: Ground out 4-3 (Groundball, 4M, EV 94.4 MPH)
|
|
Batting: RHB Dinand Brouwer
|
0-0: Fly out, F8 (Flyball, 8LXD, EV 101.9 MPH)
|
|
Batting: RHB Ian Richardson
|
0-0: Fly out, F4 (Popup, 23, EV 84.4 MPH)
|
| Top of the 8th over - 0 runs, 0 hits, 0 errors, 0 left on base; Augusta 0 - Dayton 3 |
| BOTTOM OF THE 8TH |
|
Dayton Dragons batting - Pitching for Augusta GreenJackets : RHP Nate Heideman
|
|
Pitching: LHP Gil Longoria
|
|
|
Batting: LHB Keith Egan
|
0-0: Called Strike 0-1: DOUBLE (Line Drive, 7LS, EV 108.8 MPH)
|
|
Batting: SHB Tim Utz
|
0-0: Intentional Walk
|
|
Batting: RHB Frank Moron
|
0-0: Foul Ball, location: 2F 0-1: Foul Ball, location: 2F 0-2: Ball Wild Pitch! Keith Egan to third Tim Utz to second 1-2: Ball 2-2: Strikes out swinging
|
|
Batting: RHB Kevin Larner
|
0-0: Called Strike 0-1: Swinging Strike 0-2: Ball 1-2: Strikes out looking
|
|
Batting: RHB Yasusaburo Kuwahara
|
0-0: Ball Wild Pitch! Keith Egan scores Tim Utz to third 1-0: Called Strike 1-1: Ball 2-1: Foul Ball, location: 2F 2-2: Fly out, F9 (Line Drive, 9D, EV 101.2 MPH)
|
| Bottom of the 8th over - 1 run, 1 hit, 0 errors, 1 left on base; Augusta 0 - Dayton 4 |
| TOP OF THE 9TH |
|
Augusta GreenJackets batting - Pitching for Dayton Dragons : RHP Angel Cerros
|
|
Batting: RHB Gabe Ochoa
|
0-0: Foul Ball, location: 2F 0-1: Ball 1-1: DOUBLE (Groundball, 5L, EV 98.8 MPH)
|
|
Batting: RHB Bill Defazio
|
0-0: Ball 1-0: Called Strike 1-1: Ball 2-1: Swinging Strike 2-2: Ground out U3 (Groundball, 34, EV 106.9 MPH) Gabe Ochoa to third
|
|
Batting: LHB Gil Caraveo
|
0-0: Swinging Strike 0-1: Ball 1-1: Ball 2-1: Ground out 5-3 (Groundball, 5S, EV 66.9 MPH)
|
|
Batting: LHB Al Hernandez
|
0-0: Ball 1-0: Ball 2-0: Ball Passed Ball! Gabe Ochoa scores 3-0: Base on Balls
|
|
Pitching: RHP Giovonni Morgia
|
|
|
Batting: LHB J.P. Olson
|
0-0: Swinging Strike 0-1: Ball 1-1: Foul Ball, location: 2F 1-2: Ball 2-2: Ground out 4-3 (Groundball, 34, EV 104.4 MPH)
|
| Top of the 9th over - 1 run, 1 hit, 0 errors, 1 left on base; Augusta 1 - Dayton 4 |
|